 Dungeon Crawl Stone Soup version 0.30-a0-118-ga018f8e90f (webtiles) character file.

Game seed: 10267272305989124029

375 nono the Cutter (level 7, -7/44 HPs)
             Began as a Kobold Fighter on Sept 13, 2022.
             Mangled by an orc
             ... wielding a +2 whip of distortion
              (19 damage)
             ... on level 5 of the Dungeon.
             The game lasted 00:09:54 (4771 turns).

nono the Cutter (Kobold Fighter)                    Turns: 4771, Time: 00:09:55

Health: -7/44      AC:  8    Str: 15    XL:     7   Next: 3%
Magic:  0/7        EV: 16    Int:  9    God:
Gold:   168        SH:  5    Dex: 15    Spells: 6/6 levels left

rFire   . . .      SeeInvis .    a - +0 rapier
rCold   . . .      Faith    .    c - +0 buckler
rNeg    . . .      Spirit   +    b - +0 scale mail
rPois   +          Reflect  .    q - +0 helmet
rElec   .          Harm     .    (no cloak)
rCorr   .          Rampage  .    A - +0 pair of gloves
Will    .....      Clarity  +    (no boots)
Stlth   ++........               w - amulet of guardian spirit
HPRegen 0.14/turn                l - ring of poison resistance
MPRegen 0.10/turn                o - +4 ring of evasion

@: no status effects
A: small, no large weapons, nightstalker 3, clarity
a: no special abilities


You were on level 5 of the Dungeon.
You visited 1 branch of the dungeon, and saw 5 of its levels.

You collected 168 gold pieces.

Inventory:

Hand Weapons
 a - a +0 rapier (weapon)
 g - a +1 dagger of speed
Missiles
 k - 2 throwing nets (quivered)
Armour
 b - a +0 scale mail (worn)
 c - a +0 buckler (worn)
 q - a +0 helmet (worn)
 A - a +0 pair of gloves (worn)
Jewellery
 e - a ring of positive energy
 l - a ring of poison resistance (left hand)
 o - a +4 ring of evasion (right hand)
 v - a ring of magical power
 w - an amulet of guardian spirit (around neck)
 x - an amulet of faith
Scrolls
 f - 3 scrolls of amnesia {unknown}
 h - a scroll of torment {unknown}
 i - 2 scrolls of fear {unknown}
 j - 3 scrolls of identify {unknown}
 m - a scroll of silence {unknown}
 n - 2 scrolls of teleportation {unknown}
 p - a scroll of immolation {unknown}
 r - a scroll of blinking {unknown}
 y - a scroll of poison {unknown}
Potions
 d - a potion of brilliance
 s - a potion of resistance
 t - a potion of flight {unknown}
 u - a potion of lignification
 z - a potion of might


   Skills:
 + Level 4.7 Fighting
 + Level 5.0 Short Blades
 + Level 2.6 Armour
 + Level 3.5 Dodging
 + Level 4.3 Stealth
 + Level 2.6 Shields


You had 6 spell levels left.
You didn't know any spells.
Your spell library was empty.

Dungeon Overview and Level Annotations

Branches:
Dungeon (5/15)
 Temple: D:4-7

Altars:
Kikubaaqudgha

Annotations:
D:4 Dowan, Duvessa


Innate Abilities, Weirdness & Mutations

You are small and have problems with some larger weapons.
You are completely attuned to the shadows.
You possess an exceptional clarity of mind.


Message History

The orc priest looks encouraged for a moment.
Found a potion of heal wounds.
The gnoll attacks as you move away! The gnoll misses you.
The gnoll attacks as you move away! The gnoll closely misses you.
The gnoll attacks as you move away! You block the gnoll's attack.
The gnoll attacks as you move away! You block the gnoll's attack.
The gnoll attacks as you move away! The gnoll closely misses you.
The gnoll attacks as you move away! The gnoll hits you with a +0 flail.
You hit the gnoll.
The gnoll is heavily wounded.
The gnoll misses you.
You closely miss the gnoll.
The gnoll is heavily wounded.
The gnoll completely misses you.
You hit the gnoll.
The gnoll is severely wounded.
The gnoll hits you with a +0 flail.
You closely miss the gnoll.
The gnoll is severely wounded.
You block the gnoll's attack.
You hit the gnoll.
The gnoll is severely wounded.
The gnoll hits you but does no damage.
You hit the gnoll but do no damage.
The gnoll is severely wounded.
The gnoll closely misses you.
You barely miss the gnoll.
The gnoll is severely wounded.
You block the gnoll's attack.
You hit the gnoll.
You kill the gnoll!
Your Short Blades skill increases to level 5!
The orc attacks as you move away!
The orc hits you with a +2 whip of distortion.
Space warps around you.
* * * LOW HITPOINT WARNING * * *
Found a robe.
The orc attacks as you move away! The orc hits you but does no damage.
Space warps horribly around you!!
You die...

..........^.....# ##....#
##'#
##......................+
#♣~~♣
#..............##.......#~
#♣~♣♣~ #...#......#####
... ♣~♣~♣# ~ ....##....##
##.... ♣~~~♣#♣
..####....## .....[
#♣~♣~♣# ..#
#..#..#####..... ♣~♣#♣~#
.## #..#..)...o..... P~♣
♣~' .. #..######..#@....
+# ♣~~## ... ##.##....
..###### ..# #.##
......#... .... #..#
......#..#
..##..#####.......#
#........#.......#
#..<............##
................##
...#.......##.###


You could see an orc.

Vanquished Creatures
  2 phantoms (D:5)
  An iguana (D:5)
  2 orc wizards (D:3)
  2 gnolls (D:5)
  4 adders
  A worm (D:5)
  9 orcs
  9 ball pythons
  7 endoplasms
  A giant cockroach (D:4)
  7 goblins
  7 hobgoblins
  10 jackals
  A quokka (D:2)
  7 bats
  5 frilled lizards
  8 kobolds
  4 rats
87 creatures vanquished.

Vanquished Creatures (others)
  2 fungi (D:1)
  A plant (D:1)
3 creatures vanquished.

Grand Total: 90 creatures vanquished

Notes
Turn   | Place    | Note
-------+----------+-------------------------------------------
     0 | D:1      | nono the Kobold Fighter began the quest for the Orb.
     0 | D:1      | Reached XP level 1. HP: 14/14 MP: 1/1
   158 | D:1      | Reached XP level 2. HP: 19/19 MP: 2/2
   226 | D:1      | Reached skill level 1 in Stealth
   240 | D:1      | Reached skill level 3 in Short Blades
   279 | D:1      | Reached skill level 1 in Dodging
   564 | D:1      | Reached XP level 3. HP: 23/23 MP: 3/3
   783 | D:1      | Found a faded altar of an unknown god.
  1861 | D:2      | Reached XP level 4. HP: 29/29 MP: 4/4
  3110 | D:3      | Gained mutation: You possess an exceptional clarity of
                  | mind. [potion of mutation]
  3110 | D:3      | Gained mutation: You occasionally lose the ability to drink
                  | potions when taking damage. [potion of mutation]
  3110 | D:3      | Lost mutation: You occasionally lose the ability to drink
                  | potions when taking damage. [potion of mutation]
  3114 | D:3      | Reached skill level 4 in Short Blades
  3114 | D:3      | Reached XP level 5. HP: 29/33 MP: 5/5
  3786 | D:3      | Found an ancient bone altar of Kikubaaqudgha.
  4012 | D:4      | Noticed a black bear
  4075 | D:4      | Noticed Duvessa
  4075 | D:4      | Noticed Dowan
  4104 | D:5      | Entered Level 5 of the Dungeon
  4222 | D:5      | Noticed a phantom
  4247 | D:5      | Killed a phantom
  4248 | D:5      | Reached XP level 6. HP: 24/39 MP: 6/6
  4731 | D:5      | Reached XP level 7. HP: 24/44 MP: 5/7
  4767 | D:5      | Reached skill level 5 in Short Blades
  4771 | D:5      | Mangled by an orc

Illustrated notes

Levels and vault maps discovered:
D:1:      scummos_arrival_forest, layout_loops_ring,
          shapermc_ecumenical_altar_acropolis, minmay_small_reverse_x
D:2:      layout_basic
D:3:      layout_basic, general_overflow_altar
D:4:      layout_rooms, serial_shops, shop, uniq_duvessa
D:5:      layout_cave_pools, saegor_snake_ambush

Skill      XL: |  1  2  3  4  5  6  7 |
---------------+----------------------+-----
Stealth        | 1 2 3 4 |  4.3
Short Blades   | 3 4 5 |  5.0
Dodging        | 1 2 3 |  3.5
Fighting       | 4 |  4.7
Armour         | |  2.6
Shields        | |  2.6

Action                   |  1- 3 |  4- 6 |  7- 9 || total
-------------------------+-------+-------+-------++-------
Melee: Rapier            |    43 |   176 |     8 ||   227
       Dagger            |    99 |    61 |       ||   160
       Unarmed           |       |    22 |       ||    22
Throw: Throwing net      |       |     1 |       ||     1
Evoke: Wand              |       |     4 |       ||     4
  Use: Potion            |       |     6 |       ||     6
 Stab: Sleeping          |     3 |     7 |       ||    10
Armor: Scale mail        |    36 |    44 |     2 ||    82
       Skin              |       |    61 |       ||    61
Dodge: Dodged            |    58 |   169 |     6 ||   233
Block: Buckler           |    25 |    46 |     4 ||    75

Table legend: (Time is in decaauts)
 A = Elapsed time spent in this place.
 B = Non-inter-level travel time spent in this place.
 C = Inter-level travel time spent in this place.
 D = Time resting spent in this place.
 E = Time spent auto-exploring this place.
 F = Levels seen in this place.
 G = Mean time per level.
                   A        B        C        D        E       F      G
               +--------+--------+--------+--------+--------+-----+--------+
         Total |   4722 |   4643 |     79 |    189 |   3686 |   5 |  944.4 |
       Dungeon |   4722 |   4643 |     79 |    189 |   3686 |   5 |  944.4 |
               +--------+--------+--------+--------+--------+-----+--------+

Top non-repeatable levels by time:
     D:1: 1415 daAuts
     D:3: 1266 daAuts
     D:2: 1193 daAuts
     D:5: 673 daAuts
     D:4: 173 daAuts
